 Dungeon Crawl Stone Soup version 0.16.2-3-ga078185 (webtiles) character file.

55 gorblad the Grave Robber (level 3, 0/22 (26) HPs)
             Began as a Ghoul Necromancer on Sept 7, 2015.
             Slain by Sigmund
             ... wielding a +0 scythe
              (2 damage)
             ... on level 3 of the Dungeon.
             The game lasted 00:10:32 (1734 turns).

gorblad the Grave Robber (Ghoul Necromancer)        Turns: 1734, Time: 00:10:32

HP:   0/22 (26)     AC:  8    Str: 11    XL:     3   Next: 93%
MP:   0/6           EV: 12    Int: 11    God:
Gold: 86            SH:  0    Dex:  9    Spells: 1 memorised, 5 levels left

rFire  . . .     SeeInvis .     y - +0 quarterstaff (protect)
rCold  + . .     Clarity  .     a - +0 robe
rNeg   + + +     SustAb   .     (no shield)
rPois  ∞         Gourm    .     (no helmet)
rElec  .         Spirit   .     (no cloak)
rCorr  .         Warding  .     E - +0 pair of gloves
rMut   .         Stasis   .     (no boots)
MR     +....                    (no amulet)
Stlth  ++........               e - ring of positive energy
                                G - ring of protection from magic

@: rotting, somewhat resistant to hostile enchantments, unstealthy
A: rotting body, claws 1, carnivore 3, cold resistance 1, negative energy
resistance 3, poison resistance, slow healing 1, torment resistance, unbreathing
a: no special abilities


You were on level 3 of the Dungeon.
You were not hungry.

You visited 1 branch of the dungeon, and saw 3 of its levels.

You collected 86 gold pieces.

Inventory:

Hand weapons
 f - a +0 dagger
 i - a +0 club
 k - a +0 club
 y - a +0 quarterstaff of protection (weapon)
Missiles
 h - 23 poisoned needles
 l - 19 arrows
 D - 23 bolts
Armour
 a - a +0 robe (worn)
 u - a +0 robe
 v - a +0 robe
 E - a +0 pair of gloves (worn)
Jewellery
 e - a ring of positive energy (right hand)
 x - an uncursed ring of protection from cold
 G - a ring of protection from magic (left hand)
Scrolls
 d - 2 scrolls of recharging {unknown}
 j - 5 scrolls of identify {unknown}
 n - a scroll of enchant weapon {unknown}
 q - a scroll of noise {unknown}
 r - 2 scrolls of fear {unknown}
 t - a scroll of blinking {unknown}
 w - 2 scrolls of enchant armour {unknown}
 z - 2 scrolls of immolation {unknown}
 A - 2 scrolls of remove curse {unknown}
 B - a scroll of teleportation {unknown}
Potions
 m - 3 potions of cancellation {unknown}
 o - 2 potions of flight {unknown}
 p - a potion of ambrosia {unknown}
 s - a potion of curing {unknown}
 C - 2 potions of resistance
Books
 b - a book of Necromancy

   Spells                             Type                      Level
   a - Pain                           Necromancy                   1
   b - Animate Skeleton               Necromancy                   1
   c - Vampiric Draining              Necromancy                   3
   d - Regeneration                   Charms/Necromancy            3
   e - Animate Dead                   Necromancy                   4
   f - Control Undead                 Necromancy                   4
Comestibles
 c - a slice of pizza
 g - 5 chunks of flesh
 F - a beef jerky


   Skills:
 + Level 1.9 Dodging
 + Level 2.3 Stealth
 + Level 2.3 Spellcasting
 + Level 4.9 Necromancy


You had 5 spell levels left.
You knew the following spells:

 Your Spells              Type           Power        Failure   Level  Hunger
a - Pain                  Necr           ##..         3%          1    ##.....


Dungeon Overview and Level Annotations

Branches:
Dungeon (3/15)

Altars:

Annotations:
D:3 Sigmund


Innate Abilities, Weirdness & Mutations

Your body is rotting away.
You thrive on raw meat.
You have sharp fingernails.
You are carnivorous and can eat meat at any time.
Your flesh is cold resistant.
You are immune to negative energy.
Your system is resistant to poisons.
You heal slowly when monsters are visible.
You are immune to unholy pain and torment.
You can survive without breathing.


Message History

Aiming: Pain
Press: ? - help, Shift-Dir - straight line, f/p - hound
Aim: a hound (heavily wounded, chance 76%)
The hound convulses in agony!
The hound closely misses you.
You are too injured to fight recklessly!
You are too injured to fight recklessly!
You are too injured to fight recklessly!
You are too injured to fight recklessly!
You are too injured to fight recklessly!
You are too injured to fight recklessly!
You are too injured to fight recklessly!
You are too injured to fight recklessly!
Something tries to affect you, but you resist.
The hound barely misses you.
You hit the hound but do no damage.
The hound is severely wounded.
The hound bites you.
* * * LOW HITPOINT WARNING * * *
The hound barely misses you. Something hits you.
You die...

#..#..##.##.# #..##...........
#........##.#####..##.#.........
#..#.##..##.....................
#. #.......##......)........##?.
# . ####[...##...#...........# .
#.#.###..#.......#......)....#
....#...####....>.......).>..#
#........##......#.......####
#.............h@..........##
#...####.......#...........#
#... ##.###................ #...
#.# #............... #..#
..###..............# #..
#...................# ...
......####........)## ...
............#........#
...................#


You could see a hound.

Vanquished Creatures
  An adder (D:2)
  2 worms
  A giant gecko (D:1)
  An orc (D:3)
  3 bats
  A giant cockroach (D:1)
  9 hobgoblins
  A giant newt (D:2)
  8 goblins
  2 kobolds
  2 rats
31 creatures vanquished.

Notes
Turn   | Place    | Note
--------------------------------------------------------------
     0 | D:1      | gorblad, the Ghoul Necromancer, began the quest for the Orb.
     0 | D:1      | Reached XP level 1. HP: 14/14 MP: 2/2
   117 | D:1      | Reached XP level 2. HP: 20/20 MP: 0/3
   673 | D:2      | Reached XP level 3. HP: 10/24 MP: 0/6
  1711 | D:3      | Noticed Sigmund
  1734 | D:3      | Slain by Sigmund

Action                   || total
-------------------------++-------
Melee: Unarmed           ||    23
       Quarterstaff      ||    17
 Cast: Pain              ||    66
  Eat: Meat ration       ||     1
